 Dungeon Crawl Stone Soup version 0.21.1-1-g345015f (webtiles) character file.

8 tidbits the Grave Robber (level 2, 8/19 HPs)
             Began as a Gnoll Necromancer on June 29, 2018.
             Quit the game on level 3 of the Dungeon.
             The game lasted 00:01:06 (97 turns).

tidbits the Grave Robber (Gnoll Necromancer)          Turns: 97, Time: 00:01:07

Health: 8/19       AC:  2    Str:  8 (10) XL:     2   Next: 8%
Magic:  7/7        EV: 14    Int: 14 (17) God:
Gold:   0          SH:  0    Dex: 14 (15) Spells: 8/10 levels left

rFire    . . .     SeeInvis .   a - +0 dagger
rCold    . . .     Gourm    .   (no shield)
rNeg     . . .     Faith    .   e - +0 robe
rPois    .         Spirit   .   (no helmet)
rElec    .         Reflect  .   (no cloak)
rCorr    .         Harm     .   (no gloves)
MR       .....                  (no boots)
Stlth    +++.......             (no amulet)
HPRegen  0.06/turn              (no ring)
MPRegen  0.10/turn              (no ring)

@: no status effects
A: distributed training, fangs 1, strong nose
a: no special abilities


You were on level 3 of the Dungeon.
You were not hungry.

You visited 1 branch of the dungeon, and saw 4 of its levels.

Inventory:

Hand Weapons
 a - a +0 dagger (weapon)
Armour
 e - a +0 robe (worn)
Potions
 d - a potion of magic
Books
 b - a book of Necromancy

   Spells                             Type                      Level
   a - Pain                           Necromancy                   1
   b - Animate Skeleton               Necromancy                   1
   c - Vampiric Draining              Necromancy                   3
   d - Regeneration                   Charms/Necromancy            3
   e - Animate Dead                   Necromancy                   4
   f - Borgnjor's Vile Clutch         Necromancy/Earth             5
Comestibles
 c - a ration


   Skills:
 + Level 0.2 Fighting
 + Level 0.2 Short Blades
 + Level 0.2 Long Blades
 + Level 0.2 Axes
 + Level 0.2 Maces & Flails
 + Level 0.2 Polearms
 + Level 0.2 Staves
 + Level 0.2 Slings
 + Level 0.2 Bows
 + Level 0.2 Crossbows
 + Level 0.2 Throwing
 + Level 0.2 Armour
 + Level 4.4 Dodging
 + Level 4.0 Stealth
 + Level 0.2 Shields
 + Level 0.2 Unarmed Combat
 + Level 4.9 Spellcasting
 + Level 0.1 Conjurations
 + Level 0.1 Hexes
 + Level 0.1 Charms
 + Level 0.1 Summonings
 + Level 7.0 Necromancy
 + Level 0.1 Translocations
 + Level 0.1 Transmutations
 + Level 0.1 Fire Magic
 + Level 0.1 Ice Magic
 + Level 0.1 Air Magic
 + Level 0.1 Earth Magic
 + Level 0.1 Poison Magic
 + Level 0.3 Invocations
 + Level 0.2 Evocations


You had 8 spell levels left.
You knew the following spells:

 Your Spells              Type           Power        Failure   Level  Hunger
a - Pain                  Necr           ###.         1%          1    None
n - Animate Skeleton      Necr           N/A          1%          1    None


Dungeon Overview and Level Annotations

Branches:
Dungeon (4/15)
 Temple: D:4-7

Altars:
Dithmenos

Annotations:
D:3 Grinder


Innate Abilities, Weirdness & Mutations

Your experience applies equally to all skills.
You have very sharp teeth.
Your uncanny sense of smell can sniff out nearby items.


Message History

Casting: Pain
Confirm with . or Enter, or press ? or * to list all spells.
Aiming: Pain
Press: ? - help, Shift-Dir - straight line, f - bat
Aim: a bat (resting, chance to defeat MR: 93%)
The bat writhes in agony!
You kill the bat!
An ooze comes into view.
Found an escape hatch in the floor.
Casting: Pain
Confirm with . or Enter, or press ? or * to list all spells.
Aiming: Pain
Press: ? - help, Shift-Dir - straight line, f - ooze
Aim: an ooze (resting, chance to defeat MR: 84%)
The ooze quivers.
The ooze writhes in agony!
Casting: Pain
Confirm with . or Enter, or press ? or * to list all spells.
Aiming: Pain
Press: ? - help, Shift-Dir - straight line, f/p - ooze
Aim: an ooze (severely wounded, chance to defeat MR: 84%)
The ooze barely resists.
Casting: Pain
Confirm with . or Enter, or press ? or * to list all spells.
Aiming: Pain
Press: ? - help, Shift-Dir - straight line, f/p - ooze
Aim: an ooze (severely wounded, chance to defeat MR: 84%)
The ooze writhes in agony!
Casting: Pain
Confirm with . or Enter, or press ? or * to list all spells.
Aiming: Pain
Press: ? - help, Shift-Dir - straight line, f/p - ooze
Aim: an ooze (almost dead, chance to defeat MR: 84%)
The ooze writhes in agony!
You kill the ooze!
You have reached level 2!
Memorise Animate Skeleton, consuming 1 spell level and leaving 8?
You start memorising the spell.
You continue memorising.
You finish memorising.
Spell assigned to 'n'.
There is an escape hatch in the floor here.
You slide downwards.
The hatch slams shut behind you.
Found an escape hatch in the ceiling.
Found a stone staircase leading down.
A frilled lizard comes into view.
The frilled lizard hisses angrily.
There is a stone staircase leading down here.
You climb downwards.
There is a stone staircase leading up here.
Unknown command.
You climb upwards.
The frilled lizard closely misses you.
There is a stone staircase leading down here.
Unknown command.
You hit the frilled lizard.
You kill the frilled lizard!
You open the door.
Found 22 bolts.
Unknown command.
There is an open door here.
There is an open door here.
A rat comes into view.
The rat moves out of view.
There is a shaft here.
Found a white potion.
You see here a white potion.
f - a white potion
There is a shaft here.
You fall through a shaft for 2 floors!
The shaft crumbles and collapses.
Found a stone staircase leading up.
Found 4 gold pieces.
Unknown command.
Found a shadowy altar of Dithmenos.
Unknown command.
There is a stone staircase leading up here.
You climb upwards.
The orc shouts! 3 orcs and Grinder come into view.
Grinder shouts!
The orc shouts! x2
The orc barely misses you.
The orc shouts!
The orc misses you. Grinder barely misses you.
Found 9 gold pieces.
There is a stone staircase leading down here.
Okay, then.
Unknown command.
It was a potion of magic.
Magic courses through your body. The orc closely misses you.
Grinder gestures at you.
You struggle to resist.
The orc hits you with a club.
A rat comes into view.
Okay, then.
You can't go up here!
Unknown command.
It was a potion of degeneration.
There was something very wrong with that liquid.
You feel weakened.
You feel dopey.
You feel clumsy. The orc misses you. Grinder misses you.
The orc hits you with a club. The orc hits you with a hand axe.
* * * LOW HITPOINT WARNING * * *
Are you sure you want to abandon this character and quit the game? (Confirm with "yes".)

#########
.r...oo@#
#####.oo5#
#....#
#....+ ∆
#....#
#....#
#....#
$....#


You could see Grinder, 4 orcs and a rat.

Vanquished Creatures
  An ooze (D:1)
  A goblin (D:1)
  A bat (D:1)
  A frilled lizard (D:2)
  A rat (D:1)
5 creatures vanquished.

Notes
Turn   | Place    | Note
-------+----------+-------------------------------------------
     0 | D:1      | tidbits the Gnoll Necromancer began the quest for the Orb.
     0 | D:1      | Reached XP level 1. HP: 13/13 MP: 6/6
    37 | D:1      | Reached XP level 2. HP: 10/19 MP: 0/7
    40 | D:1      | Learned a level 1 spell: Animate Skeleton
    89 | D:2      | You fall through a shaft for 2 floors!
    91 | D:4      | Found a shadowy altar of Dithmenos.
    94 | D:3      | Noticed Grinder
    97 | D:3      | Quit the game

Action                   || total
-------------------------++-------
Melee: Dagger            ||     1
 Cast: Pain              ||     8
  Use: Potion            ||     2
Dodge: Dodged            ||     7

Table legend:
 A = Turns spent in this place as a percentage of turns spent in the entire game.
 B = Non-inter-level travel turns spent in this place as a percentage of non-inter-level travel turns spent in the entire game.
 C = Inter-level travel turns spent in this place as a percentage of turns spent in this place.
 D = Turns resting spent in this place as a percentage of non-inter-level travel turns spent in this place.
 E = Turns spent auto-exploring this place as a percentage of non-inter-level travel turns spent in this place.
 F = Non-inter-level travel turns spent in this place divided by the number of levels of this place that you've seen.
                   A       B       C       D       E      F
               +-------+-------+-------+-------+-------+----------------------
         Total | 100.0 | 100.0 |   0.0 |   0.0 |   0.0 |  24.2
       Dungeon | 100.0 | 100.0 |   0.0 |   0.0 |   0.0 |  24.2
               +-------+-------+-------+-------+-------+----------------------

Table legend:
 A = Kills in this place as a percentage of kills in entire the game.
 B = Kills by you in this place as a percentage of kills by you in the entire game.
 C = Kills by friends in this place as a percentage of kills by friends in the entire game.
 D = Other kills in this place as a percentage of other kills in the entire game.
 E = Experience gained in this place as a percentage of experience gained in the entire game.
 F = Experience gained in this place divided by the number of levels of this place that you have seen.
                   A       B       C       D       E      F
               +-------+-------+-------+-------+-------+----------------------
         Total | 100.0 | 100.0 |   N/A |   N/A | 100.0 |   3.0
       Dungeon | 100.0 | 100.0 |   N/A |   N/A | 100.0 |   3.0
               +-------+-------+-------+-------+-------+----------------------

Vault maps used:
D:1:      sevenhm_arrival_forest_fort_small_3
D:2:      dk_noncrumbling_3, uniq_jessica
D:3:      uniq_grinder
D:4:      grunt_temple_overflow_order_and_chaos_1, grunt_dithmenos_smoke,
          grunt_temple_overflow_bloody_war, first_ration, goddamned_bats
